[Event "Titled Tuesday Blitz October 04 Late 2022"]
[White "Matinian, Nikita"]
[Black "Sorokin, Aleksey"]
[WhiteFideId "24129100"]
[BlackFideId "24176460"]
[WhiteElo "2422"]
[BlackElo "2476"]
[Result "0-1"]
[Round "06"]
[TimeControl "180+1"]
[Date "2022.10.04"]
[WhiteClock "0:00:12"]
[BlackClock "0:00:44"]

1. e4 c5 2. Nf3 d6 3. d4 cxd4 4. Nxd4 Nf6 5. Nc3 a6 6. h3 e5 7. Nde2 h5 8. Bg5 Be6 9. f4 Nbd7 10. f5 Bc4 11. b3 Bxe2 12. Bxe2 Rc8 13. Nd5 Qa5+ 14. b4 Qa3 15. Bxf6 Qg3+ 16. Kf1 Nxf6 17. Nxf6+ gxf6 18. Bf3 d5 19. exd5 Bxb4 20. d6 Rc4 21. d7+ Ke7 22. Qe2 Bc5 23. Rd1 Rd8 24. Rd2 Rb4 25. Qd1 e4 26. c3 exf3 27. cxb4 fxg2+ 28. Rxg2 Qf4+ 29. Ke2 Qe4+ 30. Kf1 Rxd7 31. Qe2 Be3 32. Rhh2 Qb1+ 33. Qe1 Rd1 34. Re2 Qxf5+ 35. Rhf2 Rxe1+ 36. Kxe1 Qb1# 0-1


[Site "https://www.chess.com"]

[Event "Titled Tuesday Blitz October 04 Late 2022"]
[White "Mikhailovsky, Vladimir"]
[Black "Tang, Andrew"]
[WhiteFideId "34105414"]
[BlackFideId "2059630"]
[WhiteElo "2297"]
[BlackElo "2581"]
[Result "1/2-1/2"]
[Round "06"]
[TimeControl "180+1"]
[Date "2022.10.04"]
[WhiteClock "0:00:12"]
[BlackClock "0:00:20"]

1. e4 e5 2. Nf3 Nc6 3. Nc3 Nf6 4. Bb5 Bc5 5. O-O O-O 6. d3 Nd4 7. Nxd4 Bxd4 8. Ne2 Bb6 9. Bg5 h6 10. Bh4 d6 11. Kh1 c6 12. Ba4 g5 13. Bg3 Nh5 14. d4 Qf6 15. f3 Nxg3+ 16. Nxg3 Bxd4 17. c3 Bb6 18. Nh5 Qg6 19. g4 Rd8 20. Bb3 Kf8 21. Qe2 Ke7 22. Rad1 Be6 23. Rd2 Rd7 24. Rfd1 Rad8 25. Ng3 Kf8 26. Qg2 Be3 27. Rd3 Bf4 28. Nf5 Bxf5 29. gxf5 Qh5 30. c4 Ke7 31. Qf2 Qh3 32. c5 dxc5 33. f6+ Ke8 34. Rxd7 Rxd7 35. Rxd7 Qxd7 36. Qxc5 b6 37. Qc4 h5 38. a4 Be3 39. Qe2 Bc5 40. f4 gxf4 41. Qxh5 Kd8 42. Qxf7 Qxf7 43. Bxf7 Bd4 44. b3 Be3 45. Bc4 Ke8 46. Kg2 Bd2 47. Kf3 Be1 48. Kg4 Kf8 49. h4 f3 50. h5 Bd2 51. Kxf3 Bg5 52. Kg4 Bxf6 53. Kf5 Bh8 54. Ke6 Kg7 55. Kd7 Kh6 56. Kxc6 Kxh5 57. Kb7 Bf6 58. Kxa7 Bd8 59. Kb7 Kg5 60. b4 Kf4 61. Kc8 Be7 62. a5 bxa5 63. bxa5 Kxe4 64. a6 Bc5 65. Kb7 Kd4 66. Bb5 e4 67. a7 Bxa7 68. Kxa7 e3 69. Ba6 Kc3 70. Bb5 Kd2 71. Ba6 Ke1 72. Bd3 Kd1 73. Bc4 Kc2 74. Bb5 Kb3 75. Ba6 Kb4 76. Kb7 Kc5 77. Be2 Kd4 78. Kb6 Kc3 79. Kc5 Kd2 80. Bc4 Ke1 81. Kd4 Kf2 82. Bd3 Kf3 83. Kc3 Kf2 84. Kc2 Ke1 85. Bc4 Kf2 86. Bb5 Ke1 87. Ba6 Kf2 88. Kd1 Kf3 89. Ke1 e2 90. Bxe2+ 1/2-1/2


[Site "https://www.chess.com"]

[Event "Titled Tuesday Blitz October 04 Late 2022"]
[White "Nepomniachtchi, Ian"]
[Black "Duda, Jan-Krzysztof"]
[WhiteFideId "4168119"]
[BlackFideId "1170546"]
[WhiteElo "2781"]
[BlackElo "2779"]
[Result "1-0"]
[Round "06"]
[TimeControl "180+1"]
[Date "2022.10.04"]
[WhiteClock "0:00:17"]
[BlackClock "0:00:03"]

1. d4 Nf6 2. c4 e6 3. Nf3 b6 4. g3 Ba6 5. Qc2 Bb7 6. Bg2 c5 7. dxc5 Bxc5 8. O-O O-O 9. Nc3 h6 10. Rd1 Qe7 11. b3 a5 12. Bb2 Na6 13. e3 d5 14. Na4 Rac8 15. Qe2 dxc4 16. bxc4 Rfd8 17. Bd4 Bxd4 18. exd4 Qb4 19. Nb2 a4 20. a3 Qa5 21. Rac1 Nc7 22. Ne5 Bxg2 23. Kxg2 b5 24. Nc6 Qa8 25. cxb5 Nfd5 26. Kg1 Re8 27. Rc5 Nb6 28. Nc4 Nxc4 29. Qxc4 Nd5 30. Rc1 Rc7 31. Ne5 Rce7 32. Rc6 Qa5 33. Nf3 Rb7 34. Rc8 Rb8 35. Rxe8+ Rxe8 36. Rb1 Nb6 37. Qb4 Qa8 38. Ne5 Qe4 39. Rc1 Rd8 40. Nc6 Ra8 41. Qd2 Kh8 42. Qe3 Qf5 43. Qe5 Qd3 44. Qc7 Qxb5 45. Qxf7 Qb2 46. Re1 Qxa3 47. Rxe6 Qc1+ 48. Kg2 Qc4 49. Ne5 Qd5+ 50. f3 Qa2+ 51. Kh3 Qb1 52. Rxh6+ gxh6 53. Ng6+ Qxg6 54. Qxg6 a3 55. Qxh6+ Kg8 56. Qg6+ Kh8 57. Qf6+ Kg8 58. Qe6+ Kh8 59. Qa2 Nc4 60. d5 Rc8 61. d6 1-0


[Site "https://www.chess.com"]

[Event "Titled Tuesday Blitz October 04 Late 2022"]
[White "Rasulov, Vugar"]
[Black "Gunduz, Umut Erdem"]
[WhiteFideId "13402390"]
[BlackFideId "6381383"]
[WhiteElo "2509"]
[BlackElo "2182"]
[Result "1-0"]
[Round "06"]
[TimeControl "180+1"]
[Date "2022.10.04"]
[WhiteClock "0:00:03"]
[BlackClock "0:00:04"]

1. d4 Nf6 2. c4 c6 3. Nf3 d5 4. Nc3 dxc4 5. a4 Bf5 6. e3 Nbd7 7. Bxc4 Nb6 8. Bb3 a5 9. O-O e6 10. Qe2 Bb4 11. e4 Bg4 12. e5 Nfd5 13. Ne4 Be7 14. h3 Bh5 15. Bd2 Nb4 16. Rac1 N6d5 17. Rfd1 Qb6 18. Bc4 O-O 19. b3 Rfd8 20. Be3 Bg6 21. Nc5 Nxe3 22. Qxe3 Nd5 23. Qe1 Nb4 24. Qe2 Nd5 25. g3 Qb4 26. Nd3 Qb6 27. Nc5 Qb4 28. Nd3 Qb6 29. Kh2 Ba3 30. Rc2 Be7 31. Rcd2 Nc3 32. Qe3 Nxd1 33. Rxd1 Rd7 34. Nf4 Rad8 35. h4 Bf5 36. Re1 Bg4 37. Kg2 Bxf3+ 38. Qxf3 Rxd4 39. h5 Rd2 40. h6 Bc5 41. Rf1 g6 42. Nxe6 R8d7 43. Ng5 Bxf2 44. Bxf7+ Kf8 45. Be6+ Ke8 46. Bxd7+ Kxd7 47. Rxf2 Rxf2+ 48. Qxf2 Qxb3 49. e6+ Kc7 50. Qf4+ Kb6 51. Qd4+ Ka6 52. Qe4 Qb2+ 53. Kh3 Qf6 54. Nf3 g5 55. g4 Qxh6+ 56. Kg3 Qg7 57. e7 1-0


[Site "https://www.chess.com"]

[Event "Titled Tuesday Blitz October 04 Late 2022"]
[White "Rosenberg, Evan S"]
[Black "Tanenbaum, Zachary"]
[WhiteFideId "2019299"]
[BlackFideId "2060850"]
[WhiteElo "2412"]
[BlackElo "2175"]
[Result "0-1"]
[Round "06"]
[TimeControl "180+1"]
[Date "2022.10.04"]
[WhiteClock "0:00:07"]
[BlackClock "0:01:08"]

1. e4 e5 2. Nf3 Nc6 3. Nc3 Nf6 4. d4 exd4 5. Nxd4 Bb4 6. Nxc6 bxc6 7. Bd3 d5 8. exd5 O-O 9. O-O cxd5 10. Bg5 c6 11. Qf3 Be7 12. h3 Be6 13. Rad1 Rb8 14. b3 Re8 15. Rfe1 Nd7 16. Bxe7 Qxe7 17. Bf5 Qf6 18. Bxe6 Qxf3 19. gxf3 Rxe6 20. Rxe6 fxe6 21. Ne4 Kf7 22. Ng5+ Kf6 23. f4 h6 24. Nf3 c5 25. Re1 Rb4 26. Ne5 Nxe5 27. fxe5+ Kf5 28. f3 Kf4 29. Kf2 Rb7 30. c3 Rf7 31. h4 Rd7 32. c4 dxc4 33. Re4+ Kf5 34. Rxc4 Rd5 35. f4 Rd4 36. Rxd4 cxd4 37. Kf3 d3 38. b4 d2 39. Ke2 Kxf4 40. Kxd2 g5 41. hxg5 hxg5 42. a4 Kxe5 43. Ke3 Kd5 44. Kf3 e5 45. b5 e4+ 46. Ke3 g4 47. a5 g3 48. Ke2 Kc5 49. b6 axb6 50. a6 Kc6 51. a7 Kb7 0-1


[Site "https://www.chess.com"]

[Event "Titled Tuesday Blitz October 04 Late 2022"]
[White "Rustemov, Alexander"]
[Black "Machidon, Cristi"]
[WhiteFideId "4119002"]
[BlackFideId "13904590"]
[WhiteElo "2788"]
[BlackElo "2312"]
[Result "0-1"]
[Round "06"]
[TimeControl "180+1"]
[Date "2022.10.04"]
[WhiteClock "0:00:06"]
[BlackClock "0:00:15"]

1. d4 d5 2. c4 c6 3. Nc3 Nf6 4. e3 e6 5. Nf3 Nbd7 6. Qc2 Be7 7. Bd3 dxc4 8. Bxc4 b5 9. Bd3 Bb7 10. e4 a6 11. e5 Nd5 12. Nxd5 cxd5 13. Qe2 Rc8 14. h4 Qa5+ 15. Kf1 h6 16. g3 Nb8 17. Kg2 Nc6 18. a3 Qb6 19. Be3 Na5 20. h5 Nc4 21. Bf4 a5 22. Rac1 a4 23. Rc2 Kd7 24. Rhc1 Rc7 25. g4 Rhc8 26. Kg3 b4 27. axb4 Qxb4 28. Ra1 Kd8 29. Bd2 Qb3 30. Rc3 Qb6 31. Bc1 Bc6 32. Qc2 Bb5 33. b3 Na5 34. Rxc7 Rxc7 35. Qe2 Nxb3 36. Bxb5 Nxa1 37. Bb2 Nb3 38. Bxa4 Na5 39. Bb5 Nc4 40. Bxc4 Rxc4 41. Ba1 Qa5 42. Qb2 Rb4 43. Qc1 Rc4 44. Qb1 Bb4 45. Bb2 Qa4 46. Qh7 Bf8 47. Qg8 Ke8 48. g5 hxg5 49. h6 gxh6 50. Nh2 Qb3+ 51. f3 Qxb2 52. Ng4 Qa3 53. Nxh6 Rc7 54. Ng4 Kd8 55. Nf6 Kc8 56. Qh7 Kb7 57. Qb1+ Ka7 58. Ne8 Rb7 59. Qc2 Bb4 60. Qc8 Qa6 61. Nc7 Rxc7 62. Qxc7+ Qb7 63. Qd8 Be1+ 64. Kg4 Bc3 65. Qxg5 Bxd4 66. Qd2 Bb6 67. Qa2+ Qa6 68. f4 Qxa2 69. Kg5 Qc2 70. Kf6 Qf5+ 71. Ke7 d4 72. Kf8 d3 73. Ke8 d2 74. Kf8 d1=Q 75. Ke7 Qd8# 0-1


[Site "https://www.chess.com"]

[Event "Titled Tuesday Blitz October 04 Late 2022"]
[White "Sokolovsky, Yahli"]
[Black "Demidov, Mikhail"]
[WhiteFideId "2820242"]
[BlackFideId "4197143"]
[WhiteElo "2316"]
[BlackElo "2520"]
[Result "0-1"]
[Round "06"]
[TimeControl "180+1"]
[Date "2022.10.04"]
[WhiteClock "0:00:18"]
[BlackClock "0:01:31"]

1. b3 Nf6 2. Bb2 g6 3. d4 Bg7 4. Nf3 O-O 5. g3 b6 6. Bg2 Bb7 7. O-O c5 8. c4 cxd4 9. Qxd4 Nc6 10. Qd2 d5 11. Na3 dxc4 12. Qxd8 Rfxd8 13. Nxc4 Nd5 14. Bxg7 Kxg7 15. Rac1 Rac8 16. Rfd1 Nc3 17. Re1 Nxa2 18. Ra1 Nab4 19. Nfe5 Nc2 20. Rxa7 Nxe1 21. Rxb7 Nxe5 22. Nxe5 Rc1 23. Bf1 Rdd1 24. Rd7 Rxd7 25. Nxd7 b5 26. Ne5 Rb1 27. Nc6 Rxb3 28. Nxe7 Rb1 0-1


[Site "https://www.chess.com"]

[Event "Titled Tuesday Blitz October 04 Late 2022"]
[White "Vlassov, Nikolai"]
[Black "Kollars, Dmitrij"]
[WhiteFideId "4103360"]
[BlackFideId "12909572"]
[WhiteElo "2324"]
[BlackElo "2584"]
[Result "0-1"]
[Round "06"]
[TimeControl "180+1"]
[Date "2022.10.04"]
[WhiteClock "0:00:07"]
[BlackClock "0:00:09"]

1. e4 e5 2. Bc4 Nf6 3. d3 c6 4. Nf3 d5 5. Bb3 a5 6. Nc3 Bb4 7. a3 Bxc3+ 8. bxc3 a4 9. Ba2 dxe4 10. Nxe5 O-O 11. O-O Qe7 12. d4 Be6 13. Bg5 Bxa2 14. Rxa2 Qe6 15. Rb2 b5 16. Bxf6 gxf6 17. Ng4 f5 18. Ne3 f4 19. d5 Qg6 20. Ng4 Qg7 21. dxc6 f5 22. Qd5+ Kh8 23. Ne5 f3 24. g3 Na6 25. c4 Nc7 26. Qc5 Rfe8 27. cxb5 Rxe5 28. Qc4 Qg4 29. Kh1 f4 30. Qd4 Re8 31. b6 e3 32. fxe3 Qh3 33. Rxf3 fxe3 0-1


[Site "https://www.chess.com"]

[Event "Titled Tuesday Blitz October 04 Late 2022"]
[White "Vykouk, Jan"]
[Black "Ibarra Jerez, Jose Carlos"]
[WhiteFideId "349658"]
[BlackFideId "2226332"]
[WhiteElo "2378"]
[BlackElo "2627"]
[Result "0-1"]
[Round "06"]
[TimeControl "180+1"]
[Date "2022.10.04"]
[WhiteClock "0:00:07"]
[BlackClock "0:00:15"]

1. e4 Nc6 2. Nf3 d6 3. d4 Nf6 4. Nc3 g6 5. h3 Bg7 6. g4 O-O 7. Bg2 e5 8. d5 Nd4 9. Be3 c5 10. dxc6 Nxc6 11. Qd2 Be6 12. O-O-O Qa5 13. a3 Rfd8 14. Bg5 Nd4 15. Nxd4 exd4 16. Nd5 Qxd2+ 17. Rxd2 Bxd5 18. exd5 Re8 19. Rxd4 Nd7 20. Rd2 Nc5 21. Be3 Rac8 22. Bxc5 Rxc5 23. c3 Bh6 24. Kc2 Bxd2 25. Kxd2 Rc4 26. Re1 Rxe1 27. Kxe1 g5 28. Kd2 Kg7 29. Kd3 Rf4 30. Ke3 Kf6 31. Be4 h6 32. b3 Ke5 33. f3 h5 34. Bf5 hxg4 35. hxg4 b5 36. Bd3 a6 37. c4 bxc4 38. bxc4 Rf6 39. Bf5 Rh6 40. Bd3 Rh1 0-1


[Site "https://www.chess.com"]

[Event "Titled Tuesday Blitz October 04 Late 2022"]
[White "Zakhartsov, Vladimir"]
[Black "Postnikov, Daniil"]
[WhiteFideId "4145097"]
[BlackFideId "4166329"]
[WhiteElo "2492"]
[BlackElo "2261"]
[Result "1-0"]
[Round "06"]
[TimeControl "180+1"]
[Date "2022.10.04"]
[WhiteClock "0:00:52"]
[BlackClock "0:00:09"]

1. d4 Nf6 2. c4 c5 3. d5 b5 4. cxb5 a6 5. e3 axb5 6. Bxb5 Qa5+ 7. Nc3 Bb7 8. a4 Nxd5 9. Bd2 Qb6 10. Nf3 e6 11. O-O Be7 12. e4 Nb4 13. Ne5 O-O 14. Bf4 d5 15. exd5 exd5 16. Qg4 d4 17. Ne2 Nd5 18. Nc4 Qd8 19. Ng3 Nxf4 20. Qxf4 Qd5 21. f3 Bd8 22. Rfe1 Nc6 23. Nf5 Ba5 24. Bxc6 Qxc4 25. Bxb7 Bxe1 26. Bxa8 Bb4 27. Bd5 Qc2 28. Qe5 1-0


[Site "https://www.chess.com"]

[Event "Titled Tuesday Blitz October 04 Late 2022"]
[White "miragha_yev"]
[Black "Sarana, Alexey"]
[BlackFideId "24133795"]
[WhiteElo "2786"]
[BlackElo "2689"]
[Result "0-1"]
[Round "06"]
[TimeControl "180+1"]
[Date "2022.10.04"]
[WhiteClock "0:00:23"]
[BlackClock "0:00:35"]

1. d4 Nf6 2. c4 e6 3. Nc3 d5 4. Nf3 Nbd7 5. cxd5 exd5 6. Bf4 c6 7. e3 Nh5 8. Be5 Nxe5 9. Nxe5 g6 10. Be2 Ng7 11. O-O Bd6 12. f4 O-O 13. Bd3 Qe7 14. Qd2 f6 15. Nf3 Bf5 16. Rae1 Rae8 17. e4 dxe4 18. Bxe4 Bxe4 19. Rxe4 Qf7 20. Rfe1 Rxe4 21. Rxe4 Rd8 22. a3 Ne6 23. f5 gxf5 24. Rh4 Qg6 25. Rh6 Qg7 26. Rh5 Qg6 27. Rh6 Qg4 28. Rh4 Qg7 29. Rh5 Nxd4 30. Nxd4 Bc5 31. Ne2 Qg4 32. Qh6 Bxd4+ 33. Kf1 Qg6 34. Ng3 Qxh6 35. Rxh6 Bxb2 36. Nxf5 Bxa3 37. Ke2 Re8+ 38. Kd3 Re6 39. Rh3 Bf8 40. Kc4 Re4+ 41. Kd3 Ra4 42. Ne3 b5 43. Nc2 c5 44. Rh5 c4+ 45. Kd2 b4 46. Rh4 b3 47. Ne3 c3+ 0-1


[Site "https://www.chess.com"]

[Event "Titled Tuesday Blitz October 04 Late 2022"]
[White "Bluebaum, Matthias"]
[Black "Le, Tuan Minh"]
[WhiteFideId "24651516"]
[BlackFideId "12401153"]
[WhiteElo "2633"]
[BlackElo "2530"]
[Result "1-0"]
[Round "07"]
[TimeControl "180+1"]
[Date "2022.10.04"]
[WhiteClock "0:00:17"]
[BlackClock "0:00:02"]

1. d4 d5 2. c4 c6 3. Nf3 Nf6 4. Nc3 a6 5. Qc2 dxc4 6. e4 b5 7. Be2 Bg4 8. a4 Nbd7 9. e5 Nd5 10. Nxd5 cxd5 11. Ng5 Bxe2 12. Qxe2 e6 13. axb5 axb5 14. Rxa8 Bb4+ 15. Kf1 Qxa8 16. Qh5 g6 17. Qf3 Rf8 18. Nxh7 Rh8 19. Ng5 Rf8 20. g4 Be7 21. h4 Qa7 22. Qd1 Qb6 23. Kg2 f6 24. exf6 Bxf6 25. Re1 e5 26. Be3 e4 27. f3 Kd8 28. fxe4 dxe4 29. d5 Qd6 30. Ne6+ Kc8 31. Bf4 Be5 32. Bxe5 Nxe5 33. Nxf8 Qxf8 34. Rxe4 Nd3 35. Qd2 Qf6 36. Qe3 Qxb2+ 37. Kg3 Qf6 38. Re6 Qf7 39. Rc6+ Kd8 40. Qb6+ 1-0


[Site "https://www.chess.com"]

[Event "Titled Tuesday Blitz October 04 Late 2022"]
[White "Boros, Denes"]
[Black "Fishbein, Alexander"]
[WhiteFideId "722340"]
[BlackFideId "2000377"]
[WhiteElo "2464"]
[BlackElo "2410"]
[Result "1-0"]
[Round "07"]
[TimeControl "180+1"]
[Date "2022.10.04"]
[WhiteClock "0:00:11"]
[BlackClock "0:00:01"]

1. d4 Nf6 2. Nf3 g6 3. Nbd2 d5 4. g3 Bf5 5. Nh4 Be6 6. Bg2 Bg7 7. O-O O-O 8. Nb3 b6 9. c3 a5 10. a4 Na6 11. f4 Qd7 12. Qd3 Ne4 13. Nd2 f5 14. Nhf3 c5 15. Ne5 Qc7 16. Ndf3 cxd4 17. Nxd4 Bc8 18. Nb5 Qb7 19. Rd1 Bxe5 20. fxe5 Nac5 21. Qc2 Be6 22. Bh6 Rfd8 23. b4 axb4 24. cxb4 Na6 25. Nd4 Rac8 26. Qb2 Qd7 27. b5 Nac5 28. Nc6 Ra8 29. Rd4 Rdc8 30. Qb4 Rxc6 31. bxc6 Qxc6 32. Rc1 Rxa4 33. Qxa4 Qxa4 34. Rxa4 Nxa4 35. Ra1 b5 36. Rb1 Nec3 37. Rb4 Kf7 38. Kf2 Ke8 39. Bd2 Kd7 40. Ke3 Kc6 41. Kd3 Ne4 42. Bxe4 Nc5+ 43. Kd4 Nxe4 44. Rb2 Nc5 45. Rc2 1-0


[Site "https://www.chess.com"]

[Event "Titled Tuesday Blitz October 04 Late 2022"]
[White "Bortnyk, Mykola"]
[Black "Kamsky, Gata"]
[WhiteFideId "14120836"]
[BlackFideId "2000024"]
[WhiteElo "2582"]
[BlackElo "2666"]
[Result "1/2-1/2"]
[Round "07"]
[TimeControl "180+1"]
[Date "2022.10.04"]
[WhiteClock "0:00:08"]
[BlackClock "0:00:09"]

1. e4 c5 2. c3 Nf6 3. e5 Nd5 4. Nf3 Nc6 5. Bc4 Nb6 6. Bb3 d5 7. exd6 Qxd6 8. O-O Be6 9. Bxe6 Qxe6 10. a4 a6 11. d4 cxd4 12. cxd4 Qd7 13. Nc3 e6 14. Qb3 Bb4 15. Ne5 Qxd4 16. Nxc6 bxc6 17. Be3 Qc4 18. Qd1 Nd5 19. Nxd5 cxd5 20. Rc1 Qe4 21. Qb3 O-O 22. Rfd1 a5 23. Rd4 Qf5 24. Rf4 Qe5 25. h4 Rfc8 26. Rd1 h5 27. Qd3 Bd6 28. Qe2 Bc5 29. Qf3 Bxe3 30. fxe3 Rc7 31. Rf1 Rf8 32. Rf2 g6 33. g4 hxg4 34. Rxg4 Kg7 35. Kg2 f5 36. Rd4 Rh8 37. b4 g5 38. h5 g4 39. Rxg4+ Kf7 40. Rg6 axb4 41. a5 Qe4 42. Qxe4 dxe4 43. Rg5 Kf6 44. Rg6+ Ke5 45. h6 Rch7 46. a6 Rxh6 47. Rxh6 Rxh6 48. Rb2 Rh8 49. Rxb4 Ra8 50. Rb6 Kd5 51. Kg3 e5 52. Rb5+ Kd6 53. Ra5 Ra7 54. Ra1 Kd5 55. Ra4 Kc5 56. Ra5+ Kd6 57. Ra1 Kc6 58. Ra5 f4+ 59. exf4 exf4+ 60. Kxf4 Kb6 61. Ra1 Rxa6 62. Rxa6+ Kxa6 63. Kxe4 1/2-1/2


[Site "https://www.chess.com"]

[Event "Titled Tuesday Blitz October 04 Late 2022"]
[White "Danielyan, Vahe"]
[Black "Hambleton, Aman"]
[WhiteFideId "13304828"]
[BlackFideId "2606577"]
[WhiteElo "2421"]
[BlackElo "2538"]
[Result "0-1"]
[Round "07"]
[TimeControl "180+1"]
[Date "2022.10.04"]
[WhiteClock "0:01:18"]
[BlackClock "0:00:04"]

1. e4 c5 2. Nc3 e6 3. Nf3 Nc6 4. Bb5 Nge7 5. O-O a6 6. Bxc6 Nxc6 7. d4 cxd4 8. Nxd4 Qc7 9. Bg5 Nxd4 10. Qxd4 f6 11. Be3 b5 12. Rfd1 Bb7 13. a4 b4 14. Na2 a5 15. c3 e5 16. Qd3 Ba6 17. Qd2 b3 18. Nc1 Bc4 19. Ne2 Be7 20. Ng3 g6 21. h4 h5 22. f3 Rd8 23. Qf2 Qc6 24. Rd2 d5 25. Rad1 Kf7 26. f4 dxe4 27. fxe5 f5 28. Nxf5 gxf5 29. Qxf5+ Ke8 30. e6 Qxe6 31. Rxd8+ Bxd8 32. Qd5 Bxd5 0-1


[Site "https://www.chess.com"]

[Event "Titled Tuesday Blitz October 04 Late 2022"]
[White "Demidov, Mikhail"]
[Black "Bortnyk, Olexandr"]
[WhiteFideId "4197143"]
[BlackFideId "14120828"]
[WhiteElo "2520"]
[BlackElo "2723"]
[Result "0-1"]
[Round "07"]
[TimeControl "180+1"]
[Date "2022.10.04"]
[WhiteClock "0:00:07"]
[BlackClock "0:00:03"]

1. Nf3 Nf6 2. g3 d6 3. d4 g6 4. b3 Bg7 5. Bb2 O-O 6. Bg2 a5 7. O-O a4 8. c4 c6 9. bxa4 Qa5 10. Nc3 Nbd7 11. Qb3 Nb6 12. Nd2 Be6 13. e4 Nxa4 14. Nxa4 Qxa4 15. d5 Bd7 16. Rfe1 Rfc8 17. e5 dxe5 18. Bxe5 cxd5 19. cxd5 Rc2 20. Nf3 Ng4 21. Bxg7 Kxg7 22. Qxa4 Rxa4 23. Rxe7 Bf5 24. Ng5 Kf6 25. Rxf7+ Kxg5 26. d6 Raxa2 27. Rxa2 Rxa2 28. h3 Ra1+ 29. Bf1 Bd3 30. f4+ Kh6 31. hxg4 Bxf1 32. d7 Bb5+ 33. Kf2 Rd1 34. g5+ Kh5 35. Rxh7+ Kg4 36. d8=Q Rxd8 37. Rxb7 Bd3 38. Rb2 Bf5 39. Rb3 Rd2+ 40. Ke3 Rg2 0-1


[Site "https://www.chess.com"]

[Event "Titled Tuesday Blitz October 04 Late 2022"]
[White "Duda, Jan-Krzysztof"]
[Black "Kravtsiv, Martyn"]
[WhiteFideId "1170546"]
[BlackFideId "14113147"]
[WhiteElo "2779"]
[BlackElo "2694"]
[Result "1-0"]
[Round "07"]
[TimeControl "180+1"]
[Date "2022.10.04"]
[WhiteClock "0:00:16"]
[BlackClock "0:00:02"]

1. d4 d5 2. c4 e6 3. Nc3 Bb4 4. Qa4+ Nc6 5. e3 Bd7 6. Qc2 Nf6 7. Bd2 O-O 8. a3 Bxc3 9. Bxc3 Ne4 10. Ne2 Ne7 11. Ng3 Nxc3 12. Qxc3 c6 13. Be2 f5 14. f4 Nc8 15. c5 a5 16. b4 b5 17. a4 axb4 18. Qxb4 Qa5 19. Qxa5 Rxa5 20. Kd2 bxa4 21. Rhb1 Na7 22. Rb4 a3 23. Rb3 Rc8 24. Raxa3 Rxa3 25. Rxa3 Rc7 26. Nh1 Rb7 27. Kc2 Kf7 28. Nf2 Ke7 29. Nd3 Be8 30. Ne5 Kd8 31. Ba6 Rb8 32. Bd3 Rb7 33. g4 g6 34. g5 Kc7 35. h4 Kb8 36. Ra1 h5 37. gxh6 Rh7 38. h5 gxh5 39. Rg1 Rxh6 40. Rg8 h4 41. Rxe8+ Kc7 42. Re7+ Kb8 43. Nd7+ Kc8 44. Nb6+ Kb8 45. Ba6 1-0


[Site "https://www.chess.com"]

[Event "Titled Tuesday Blitz October 04 Late 2022"]
[White "Girel, Joseph"]
[Black "Maksimovic, Bojan"]
[WhiteFideId "36033561"]
[BlackFideId "14408120"]
[WhiteElo "2281"]
[BlackElo "2447"]
[Result "0-1"]
[Round "07"]
[TimeControl "180+1"]
[Date "2022.10.04"]
[WhiteClock "0:01:52"]
[BlackClock "0:02:12"]

1. d4 Nf6 2. c4 g6 3. Nf3 Bg7 4. g3 O-O 5. Bg2 d6 6. O-O Nc6 7. Nc3 Bg4 8. d5 Na5 9. b3 c5 10. Bd2 a6 11. h3 Bxf3 12. exf3 Rb8 13. Qe1 b5 14. Rb1 bxc4 15. Na4 Rb5 16. Nc3 Rb4 17. Ne4 Nxd5 18. Bxb4 cxb4 19. bxc4 Nxc4 20. Rc1 Nc3 21. Nxc3 bxc3 22. f4 Nd2 23. f5 Nxf1 24. Bxf1 gxf5 25. Bxa6 e6 26. Bd3 Qa5 27. Bb1 Rb8 28. Qd1 Qc7 29. g4 Rxb1 0-1


[Site "https://www.chess.com"]

[Event "Titled Tuesday Blitz October 04 Late 2022"]
[White "Gunduz, Umut Erdem"]
[Black "Dardha, Daniel"]
[WhiteFideId "6381383"]
[BlackFideId "240990"]
[WhiteElo "2182"]
[BlackElo "2528"]
[Result "1-0"]
[Round "07"]
[TimeControl "180+1"]
[Date "2022.10.04"]
[WhiteClock "0:00:22"]
[BlackClock "0:00:44"]

1. e4 e5 2. Nf3 Nc6 3. Bc4 d6 4. d4 Nf6 5. dxe5 Nxe5 6. Nxe5 dxe5 7. Bxf7+ Ke7 8. Qxd8+ Kxd8 9. f3 Bc5 10. Ke2 Rf8 11. Bb3 Nxe4 12. fxe4 Rf2+ 13. Ke1 Bg4 14. Nc3 Rxg2 15. Bg5+ Ke8 16. Bh4 g5 17. Bg3 Bb4 18. Bf2 Rd8 19. Rg1 Rxg1+ 20. Bxg1 Bf3 21. Kf2 Bxc3 22. Kxf3 Bxb2 23. Rb1 Bd4 24. Bxd4 Rxd4 25. Be6 b6 26. Bf5 h6 27. Rb5 Rd2 28. Rxe5+ Kf7 29. Re6 Rxc2 30. Rxh6 Rxa2 31. Be6+ Kg7 32. Bxa2 Kxh6 33. Kg4 Kg6 34. e5 b5 35. Bb1+ Kf7 36. Kxg5 a5 37. h4 a4 38. h5 b4 39. h6 b3 40. e6+ Kxe6 41. h7 a3 42. h8=Q a2 43. Bxa2 bxa2 44. Qg8+ Ke5 45. Qxa2 c5 46. Qc2 Kd4 47. Kf5 c4 48. Qd2+ Kc5 49. Ke4 c3 50. Qxc3+ 1-0


[Site "https://www.chess.com"]

[Event "Titled Tuesday Blitz October 04 Late 2022"]
[White "Harvey, Marcus R"]
[Black "Holt, Conrad"]
[WhiteFideId "400092"]
[BlackFideId "2034387"]
[WhiteElo "2457"]
[BlackElo "2592"]
[Result "1/2-1/2"]
[Round "07"]
[TimeControl "180+1"]
[Date "2022.10.04"]
[WhiteClock "0:00:23"]
[BlackClock "0:00:07"]

1. Nf3 d5 2. b3 Bg4 3. g3 Bxf3 4. exf3 e5 5. Qe2 Nc6 6. f4 Nf6 7. Bb2 Bc5 8. fxe5 Ne4 9. f3 Nf2 10. d4 Nxh1 11. dxc5 Qg5 12. f4 Qg6 13. Bg2 Nxg3 14. hxg3 Qxg3+ 15. Qf2 Qg4 16. Nc3 O-O-O 17. Ne2 g5 18. O-O-O gxf4 19. Nxf4 Qg5 20. Bxd5 Nxe5 21. Rg1 Qf5 22. Bg2 Kb8 23. Bh3 Qf6 24. Re1 Rhe8 25. Kb1 Qg5 26. Qe3 f6 27. c6 Qg8 28. Qf2 Nxc6 29. Rxe8 Rxe8 30. Bc3 Qf7 31. Kb2 Ne5 32. Bg2 c6 33. Ne2 Qe7 34. Nd4 Rf8 35. Qf5 Ka8 36. Be4 Qd7 37. Qxd7 Nxd7 38. Bxh7 Re8 39. Bf5 Nc5 40. b4 Ne4 41. Ne6 Nd6 42. Nc7+ Kb8 43. Nxe8 Nxf5 44. Nxf6 Kc8 45. Ne4 Ne3 46. Nd2 Nd1+ 47. Kb3 Kd7 48. Nc4 b6 49. Bd4 Ke6 50. Nb2 Kd5 51. Nxd1 Kxd4 52. c3+ Kd3 53. Nb2+ Ke4 54. Nc4 Kd5 55. a4 Ke4 56. a5 b5 57. Nd6+ Kd5 58. Nb7 Ke5 59. Nc5 Kd5 60. Kc2 Kc4 61. Nb3 Kd5 62. Kd3 Ke5 63. Nc5 Kd5 64. Nb7 Ke5 65. Nd8 Kd5 66. Nb7 Ke5 67. Nc5 Kd5 68. a6 Ke5 69. Nb3 Kd5 70. Na5 c5 71. Kc2 cxb4 72. cxb4 Kd4 73. Kb3 Kd5 74. Nb7 Kc6 75. Nc5 Kb6 76. Kc3 Kc7 77. Kd4 Kd6 78. Ke4 Kc6 79. Ke5 Kc7 80. Kd5 Kb6 81. Nb3 Kxa6 82. Kc5 Kb7 83. Kxb5 Kc7 84. Ka5 Kb7 85. Nc5+ Kb8 86. Ka6 Ka8 87. Nb7 Kb8 88. Na5 Ka8 89. b5 Kb8 90. Nc6+ Ka8 91. Nxa7 Kb8 92. Nc6+ Ka8 93. Nb4 Kb8 94. Nc2 Ka8 95. Na1 Kb8 96. b6 Ka8 97. b7+ Kb8 98. Nb3 Kc7 99. Ka7 Kc6 100. b8=Q Kd5 101. Qb5+ Kd6 102. Qc4 Ke5 103. Kb6 Kf6 104. Kc5 Ke7 105. Kd5 Kd7 106. Qc6+ Kd8 107. Qe6 Kc7 108. Kc5 Kb7 109. Qd7+ Ka6 110. Qe7 1/2-1/2


[Site "https://www.chess.com"]